AoeStats
← s0828123

Arena

504701464Analyzed
3v3 RM · 26d ago on Sep 6, 2026· 61m 27s· 6 players
Game mode
Random Map
Map size
Normal (6 player)
Population
200
Speed
Normal
Resources
Standard
Victory
Conquest
Starting age
Dark Age
Ending age
Imperial Age
RankedLock teamsTeams togetherTeam positionsShared explorationLock speedFull tech treeHidden civsTurbo modeCheats
Victory
Defeat
🇲🇰 Gurjaras · North Macedonia
1041
+16
🇨🇭 Lithuanians · Switzerland
1003
+18
🇫🇷 Franks · France
989
+18
🇭🇰 Mongols · Hong Kong SAR China
1047
-18
🇭🇰 Teutons · Hong Kong SAR China
1041
-17
🇭🇰 Japanese · Hong Kong SAR China
1036
-17
datomasra
8:26 Loom
10:34 Feudal Age
15:25 Castle Age
14:31 Double-Bit Axe
14:39 Gold Mining
22:24 Husbandry
25:21 Forging
26:43 Iron Casting
28:02 Wheelbarrow
27:15 Town Watch
30:55 Imperial Age
29:10 Scale Barding Armor
30:33 Hand Cart
30:21 Town Patrol
32:58 Ballistics
32:52 Bow Saw
32:26 Horse Collar
33:25 Bloodlines
32:36 Cavalier
33:37 Heavy Plow
34:40 Two-Man Saw
34:29 Chain Barding Armor
34:59 Crop Rotation
37:34 Paladin
40:37 Stone Mining
46:34 Elite Skirmisher
48:04 Plate Barding Armor
47:33 Padded Archer Armor
47:25 Fletching
50:56 Bodkin Arrow
51:17 Leather Archer Armor
50:47 Treadmill Crane
56:07 Bracer
58:06 Stone Shaft Mining
58:39 Chemistry
58:27 Conscription
58:11 Tower Shields
60:23 Ring Archer Armor
59:53 Scale Mail Armor
King Benou
1:40 Loom
11:41 Feudal Age
13:00 Wheelbarrow
12:16 Double-Bit Axe
17:01 Gold Mining
18:19 Forging
20:40 Castle Age
21:39 Hand Cart
22:43 Gold Shaft Mining
22:21 Bow Saw
25:22 Forging
25:18 Scale Barding Armor
26:50 Iron Casting
27:51 Chain Barding Armor
30:00 Masonry
30:14 Murder Holes
30:38 Husbandry
34:56 Imperial Age
32:12 Town Watch
32:40 Fletching
35:00 Cavalier
36:42 Blast Furnace
36:29 Architecture
38:25 Plate Barding Armor
38:55 Paladin
42:57 Chemistry
42:18 Ballistics
57:34 Caravan
58:04 Coinage
58:22 Bodkin Arrow
58:27 Padded Archer Armor
58:27 Scale Mail Armor
Player
10:44 Feudal Age
11:36 Feudal Age
12:33 Double-Bit Axe
12:30 Horse Collar
18:48 Castle Age
16:47 Stone Mining
16:48 Gold Mining
19:50 Bow Saw
21:24 Stone Shaft Mining
21:40 Gold Mining
22:32 Arson
25:43 Heavy Plow
27:04 Bloodlines
26:54 Husbandry
27:55 Wheelbarrow
29:14 Gold Shaft Mining
29:37 Loom
33:00 Imperial Age
32:31 Kshatriyas
33:08 Forging
33:03 Scale Barding Armor
32:50 Fletching
33:37 Treadmill Crane
34:14 Scale Mail Armor
34:50 Iron Casting
34:57 Conscription
34:34 Elite Chakram Thrower
36:28 Chain Mail Armor
37:15 Chain Barding Armor
36:21 Man-at-Arms
37:39 Elite Shrivamsha Rider
40:33 Plate Mail Armor
40:39 Plate Barding Armor
40:38 Heavy Camel Rider
42:48 Fortified Wall
43:40 Chemistry
43:09 Hand Cart
42:20 Long Swordsman
44:03 Hoardings
43:03 Two-Handed Swordsman
52:07 Bodkin Arrow
52:12 Padded Archer Armor
53:49 Thumb Ring
53:55 Elite Skirmisher
55:30 Leather Archer Armor
56:36 Ballistics
不知者
11:11 Feudal Age
12:34 Loom
15:11 Castle Age
13:46 Double-Bit Axe
21:19 Wheelbarrow
23:10 Horse Collar
24:54 Bow Saw
26:12 Hand Cart
26:32 Heavy Plow
26:30 Fletching
27:50 Gold Mining
32:08 Imperial Age
30:54 Ballistics
30:31 Bodkin Arrow
33:38 Bloodlines
33:29 Husbandry
33:42 Siege Engineers
33:58 Stone Mining
35:09 Gold Shaft Mining
36:09 Stone Shaft Mining
37:02 Conscription
36:04 Capped Ram
37:29 Parthian Tactics
38:51 Siege Ram
39:51 Elite Steppe Lancer
41:27 Bracer
42:35 Hoardings
43:18 Fortified Wall
44:11 Chemistry
44:51 Town Watch
46:15 Scale Barding Armor
46:20 Forging
47:58 Chain Barding Armor
48:08 Town Patrol
47:53 Heavy Cavalry Archer
s0828123
4:50 Loom
12:42 Feudal Age
18:20 Castle Age
16:43 Double-Bit Axe
17:39 Horse Collar
20:12 Wheelbarrow
25:05 Heavy Plow
26:17 Bow Saw
28:30 Hand Cart
29:29 Scale Mail Armor
29:31 Gold Mining
32:35 Pikeman
33:18 Squires
33:08 Gambesons
33:42 Chain Mail Armor
35:49 Forging
37:09 Iron Casting
40:31 Gold Shaft Mining
40:16 Caravan
45:46 Imperial Age
44:14 Man-at-Arms
45:51 Halberdier
46:17 Long Swordsman
48:02 Plate Mail Armor
49:32 Town Watch
51:55 Two-Handed Swordsman
56:05 Champion
57:58 Blast Furnace
59:26 Conscription
WKC
11:23 Feudal Age
16:19 Castle Age
14:32 Horse Collar
14:39 Double-Bit Axe
18:22 Heavy Plow
18:34 Bow Saw
19:33 Town Watch
23:11 Loom
24:57 Wheelbarrow
24:55 Scale Barding Armor
26:30 Forging
26:37 Pikeman
34:05 Imperial Age
31:53 Hand Cart
31:49 Squires
33:18 Scale Mail Armor
34:16 Chain Mail Armor
34:37 Iron Casting
34:35 Halberdier
36:43 Chemistry
37:25 Conscription
39:12 Plate Mail Armor
39:43 Blast Furnace
43:56 Town Patrol
48:03 Cavalier
57:30 Bloodlines
Connection lost

Rejoining the realm…

Still unreachable

The connection could not be restored.

Session expired

The server has moved on; the page needs a fresh start.